 Dungeon Crawl Stone Soup version 0.19-a0-1704-gbd66c22 (webtiles) character file.

226 hairmachine the Conjurer (level 5, -5/38 HPs)
             Began as a Draconian Conjurer on Sept 27, 2016.
             Slain by Grinder (6 damage)
             ... while paralysed by Grinder
             ... on level 4 of the Dungeon.
             The game lasted 00:10:03 (3861 turns).

hairmachine the Conjurer (Draconian Conjurer)       Turns: 3861, Time: 00:10:04

Health: -5/38      AC:  6    Str: 11    XL:     5   Next: 69%
Magic:  10/10      EV:  2    Int: 16    God:
Gold:   86         SH:  0    Dex: 11    Spells: 3 memorised, 4 levels left

rFire  . . .     SeeInvis .     k - +0 whip
rCold  . . .     Gourm    .     (armour unavailable)
rNeg   . . .     Faith    .     (no shield)
rPois  .         Spirit   .     (helmet restricted)
rElec  .         Dismiss  .     (no cloak)
rCorr  .         Reflect  .     (no gloves)
MR     .....     Harm     .     (no boots)
Stlth  ++........               (no amulet)
                                (no ring)
                                (no ring)

@: paralysed
A: unfitting armour, cold-blooded, AC +5
a: no special abilities


You were on level 4 of the Dungeon.
You were not hungry.

You visited 1 branch of the dungeon, and saw 4 of its levels.

You collected 86 gold pieces.

Inventory:

Hand Weapons
 k - a +0 whip (weapon)
Jewellery
 c - a +3 ring of evasion {unknown}
 h - an uncursed ring of wizardry {unknown}
Scrolls
 d - 3 scrolls of remove curse {unknown}
 i - 3 scrolls of blinking {unknown}
 m - a scroll of identify {unknown}
 n - a scroll of recharging {unknown}
 o - a scroll of fog {unknown}
 p - a scroll of enchant weapon {unknown}
 q - a scroll of fear {unknown}
 r - 2 scrolls of random uselessness {unknown}
 s - a scroll of noise {unknown}
Potions
 e - 2 potions of curing
 j - 2 potions of might {unknown}
 l - 2 potions of flight {unknown}
 t - 2 potions of invisibility {unknown}
Books
 a - a book of Conjurations

   Spells                             Type                      Level
   a - Magic Dart                     Conjuration                  1
   b - Searing Ray                    Conjuration                  2
   c - Dazzling Spray                 Conjuration/Hexes            3
   d - Fulminant Prism                Conjuration/Hexes            4
   e - Iskenderun's Mystic Blast      Conjuration                  4
   f - Iskenderun's Battlesphere      Conjuration/Charms           5
Comestibles
 b - a bread ration
 f - 2 meat rations
 u - 4 fruits


   Skills:
 - Level 1.7 Dodging
 - Level 1.7 Stealth
 + Level 3.4 Spellcasting
 + Level 6.2 Conjurations


You had 4 spell levels left.
You knew the following spells:

 Your Spells              Type           Power        Failure   Level  Hunger
a - Magic Dart            Conj           ###.         1%          1    None
b - Searing Ray           Conj           ###...       1%          2    ##.....
c - Dazzling Spray        Conj/Hex       ##....       17%         3    ###....


Dungeon Overview and Level Annotations

Branches:
Dungeon (4/15)
 Temple: D:4-7

Altars:
Ru

Annotations:
D:4 Grinder


Innate Abilities, Weirdness & Mutations

Your plain brown scales are hard. (AC +5)
You cannot fit into any form of body armour.
You are cold-blooded and may be slowed by cold attacks.


Message History

You bump into the stone wall.
Grinder gestures at you. You resist with significant effort.
You bump into the stone wall.
Grinder hits you but does no damage.
You bump into the rock wall.
You feel less invigorated.
You feel less confused. Grinder gestures at you. Pain shoots through your body!
You closely miss Grinder.
Your tail-slap misses Grinder.
Grinder is severely wounded.
Grinder gestures at you.
You suddenly lose the ability to move!
Grinder hits you! x2
You writhe in agony.
Grinder hits you.
You writhe in agony.
* * * LOW HITPOINT WARNING * * *
Grinder hits you.
* * * LOW HITPOINT WARNING * * *
You writhe in agony.
You die...

.............#####
..................
.................. ....
.##........#####..
....#. ##...#...## ###
...... ########...## #.
..... #.....###...####.
#..# ###.#.#.####....##.
#..###.@.._..'.##.......
#....5#.#.#.#.##.......
#.....#.....#..........
##....########..........
#...### ##########.
#..## #. ##..# ##
###...### # ####.......#
#


You could see Grinder.

Vanquished Creatures
  A scorpion (D:3)
  A hound (D:3)
  Robin (D:2)
  7 adders
  A worm (D:3)
  A leopard gecko (D:3)
  4 orcs (D:3)
  4 giant cockroaches
  12 goblins
  6 hobgoblins
  2 jackals (D:1)
  8 kobolds
  3 quokkas
  A ball python (D:2)
  9 bats
  5 frilled lizards
  5 rats
71 creatures vanquished.

Notes
Turn   | Place    | Note
-------+----------+-------------------------------------------
     0 | D:1      | hairmachine the Draconian Conjurer began the quest for the Orb.
     0 | D:1      | Reached XP level 1. HP: 14/14 MP: 3/3
   529 | D:1      | Reached XP level 2. HP: 20/20 MP: 0/5
   591 | D:1      | Learned a level 2 spell: Searing Ray
   833 | D:1      | You fall through a shaft!
  1354 | D:1      | Reached skill level 5 in Conjurations
  1377 | D:1      | Reached XP level 3. HP: 26/26 MP: 4/6
  1873 | D:2      | Noticed Robin
  1888 | D:2      | Killed Robin
  1918 | D:2      | Reached XP level 4. HP: 31/33 MP: 0/7
  2064 | D:2      | Learned a level 3 spell: Dazzling Spray
  2995 | D:3      | Reached XP level 5. HP: 35/38 MP: 5/9
  3114 | D:3      | Reached skill level 6 in Conjurations
  3808 | D:4      | Found a sacrificial altar of Ru.
  3825 | D:4      | Noticed Grinder
  3841 | D:4      | Paralysed by Grinder for 5 turns
  3857 | D:4      | Paralysed by Grinder for 7 turns
  3861 | D:4      | HP: 1/38 [Grinder (5)]
  3861 | D:4      | Slain by Grinder

Vault maps used:
D:1:      minmay_arrival_loop, minmay_misc_feat_x, roderic_serpentine_path,
          corner_web_ring
D:2:      uniq_robin
D:4:      kennysheep_little_box, first_bread, uniq_menkaure, uniq_grinder,
          uniq_eustachio

Skill      XL: |  1  2  3  4  5 |
---------------+----------------+-----
Conjurations   | 5 6 |  6.2
Spellcasting   | 3 |  3.4
Dodging        | |  1.7
Stealth        | |  1.7

Action                   |  1- 3 |  4- 6 || total
-------------------------+-------+-------++-------
Melee: Unarmed           |     1 |       ||     1
       Whip              |       |     3 ||     3
 Cast: Magic Dart        |    59 |    56 ||   115
       Searing Ray       |     5 |    15 ||    20
  Use: Potion            |       |     1 ||     1
  Eat: Chunk             |     4 |     6 ||    10
       Pizza             |       |     1 ||     1
Armor: Skin              |    18 |     8 ||    26
Dodge: Dodged            |    29 |    16 ||    45
